 Dungeon Crawl Stone Soup version 0.23.0 (webtiles) character file.

Game seed: 13930842443153166697

112844 Infinimo the Brawler (level 16, -6/155 HPs)
             Began as a Minotaur Berserker on Feb 11, 2019.
             Was the Champion of Trog.
             Hit by a steel javelin thrown by a merfolk javelineer (18 damage)
             ... on level 2 of the Shoals.
             The game lasted 00:37:55 (27459 turns).

Infinimo the Brawler (Minotaur Berserker)          Turns: 27459, Time: 00:37:56

Health: -6/155     AC: 29    Str: 25    XL:     16   Next: 12%
Magic:  15/15      EV:  9    Int:  6    God:    Trog [******]
Gold:   1779       SH:  0    Dex: 12    Spells: 15/15 levels left

rFire    + . .     SeeInvis .     - Unarmed
rCold    + . .     Gourm    .   (no shield)
rNeg     . . .     Faith    .   r - +1 plate armour
rPois    .         Spirit   .   B - +2 hat
rElec    .         Reflect  .   m - +2 cloak
rCorr    .         Harm     .   H - +0 pair of gloves
MR       +....                  s - +2 pair of boots {Fly}
Stlth    ..........             I - amulet of regeneration
HPRegen  0.75/turn              K - ring of protection from cold
MPRegen  0.14/turn              f - ring of protection from fire

@: lethally poisoned (-6 -> -6), engulfed (cannot breathe), berserk cooldown,
flying, mesmerised, slowed, very slow
A: retaliatory headbutt, horns 2
a: Berserk, Trog's Hand, Brothers in Arms, Renounce Religion, Stop Flying


You were on level 2 of the Shoals.
You worshipped Trog.
Trog was exalted by your worship.
You were very hungry.

You visited 4 branches of the dungeon, and saw 25 of its levels.
You also visited: Ossuary and Ice Cave.

You collected 2750 gold pieces.
You spent 971 gold pieces at shops.

Inventory:

Armour
 m - a +2 cloak (worn)
 r - a +1 plate armour (worn)
 s - a +2 pair of boots of flying (worn)
 B - a +2 hat (worn)
 H - a +0 pair of gloves (worn)
Jewellery
 f - a ring of protection from fire (right hand)
 I - an amulet of regeneration (around neck)
 J - an uncursed ring of protection from magic
 K - a ring of protection from cold (left hand)
Wands
 t - a wand of iceblast (11)
 y - a wand of digging (11)
 E - a wand of clouds (10)
 G - a wand of acid (22)
Scrolls
 c - 5 scrolls of remove curse
 d - 5 scrolls of teleportation
 e - 2 scrolls of identify
 k - a scroll of brand weapon
 q - 6 scrolls of fog
 w - 3 scrolls of enchant weapon
 x - 3 scrolls of fear
 F - a scroll of magic mapping
 M - a scroll of holy word
Potions
 a - 3 potions of mutation
 g - 3 potions of degeneration
 h - 8 potions of curing
 i - 3 potions of berserk rage
 j - 4 potions of heal wounds
 l - 7 potions of brilliance
 n - a potion of invisibility
 o - 2 potions of resistance
 p - 6 potions of flight
 u - 2 potions of ambrosia
 v - 4 potions of lignification
 z - a potion of cancellation
 A - 3 potions of agility
 C - 3 potions of haste
 D - 3 potions of magic
Comestibles
 b - 24 rations


   Skills:
 + Level 17.0 Fighting
 + Level 16.8 Armour
 - Level 2.1 Dodging
 * Level 20.9 Unarmed Combat


You had 15 spell levels left.
You didn't know any spells.
Your spell library was empty.

Dungeon Overview and Level Annotations

Branches:
Dungeon (15/15)            Temple (0/1) D:4            Lair (6/6) D:8
 Shoals (2/4) Lair:2       Spider (0/4) Lair:2        Slime (0/5) Lair:6
    Orc (2/2) D:11            Elf (0/3) Orc:2        Vaults (0/5) D:14
 Depths (0/5) D:15

Altars:
Cheibriados
Fedhas
Gozag
Hepliaklqana
Nemelex Xobeh
Okawaru
Qazlal
Trog
Wu Jian
Xom
Yredelemnul
Beogh

Shops:
D:6 [   D:8 =   D:12 %   Orc:2 ?!:(

Portals:
Pandemonium: Orc:2
Trove: D:14 (give +3 gold dragon scales)

Annotations:
Shoals:2 Ilsuiw


Innate Abilities, Weirdness & Mutations

You reflexively headbutt those who attack you in melee.
You have a pair of horns on your head.


Message History

Okay, then.
You cannot read scrolls while unable to breathe!
Unknown command.
Your plate armour prevents you from hitting the water elemental.
* * * LOW HITPOINT WARNING * * *
Your lungs strain for air!
You feel sick. The water elemental hits you.
The merfolk avatar chants its luring song.
Unknown command.
Unknown command.
Unknown command.
The water elemental is almost destroyed.
* * * LOW HITPOINT WARNING * * *
Your lungs strain for air!
You feel sick.
The water elemental disappears in a puff of smoke!
The pull of its song draws you forwards.
The merfolk javelineer throws a steel javelin.
The steel javelin hits you!!
You die...

##.≈≈≈.≈≈≈≈≈≈..
#.:≈≈≈.≈≈≈≈≈.
#.P≈≈≈.....≈##
m≈P≈≈....##..##
P≈≈≈≈m$(# #...#####
≈≈≈≈≈≈≈)###.......##
PPP.###()#(........#
≈≈≈ #(m.....<..# ≈
≈..##.@E...≈...###..
≈≈.....≈≈..≈≈≈......≈
≈≈...###...)≈≈≈.≈..≈≈
≈≈≈P. #.≈≈≈≈≈≈≈≈≈≈≈≈
≈≈≈≈ #...≈≈≈≈≈≈≈≈≈≈≈
≈≈≈. .....≈≈≈≈≈≈≈≈≈≈≈
≈≈≈ .....≈≈≈≈≈≈≈≈≈≈≈
≈...≈≈≈≈≈≈≈≈≈≈≈≈
≈≈....≈≈≈≈≈≈≈≈≈≈


You could see a merfolk avatar, a merfolk javelineer and a water elemental.

Vanquished Creatures
  Gastronok (Lair:1)
  Nessos (D:13)
  A dire elephant (Lair:6)
  Snorg (D:13)
  3 merfolk impalers
  A fire dragon (Shoals:1)
  Harold (D:8)
  The ghost of Dikli the Blocker, a journeyman MiBe of Trog (Lair:3)
  The ghost of Suk Xiy the Grappler, a journeyman DrTm of Yredelemnul (Lair:2)
  3 ice dragons
  4 vault guards (D:14)
  A catoblepas (Lair:5)
  A merfolk avatar (Lair:6)
  4 hydras
  Erica (D:8)
  2 centaur warriors
  5 two-headed ogres
  2 tengu warriors (D:15)
  6 orc high priests (Orc:2)
  A soul eater (Orc:2)
  A fire crab (Lair:6)
  4 skeletal warriors (D:15)
  A sea snake (Shoals:1)
  2 unseen horrors (D:15)
  2 infernal demonspawn (Orc:2)
  A gelid demonspawn (Orc:2)
  Pikel (D:8)
  A necromancer (D:15)
  An orb spider (Lair:2)
  4 harpies (Shoals:1)
  7 orc knights
  An oklob plant (Lair:1)
  8 orc sorcerers
  13 ugly things
  A cyclops (D:14)
  2 fauns (Shoals:1)
  The ghost of PeterQ the Cutter, a novice TeGl of Elyvilon (D:5)
  10 elephants
  4 manticores
  2 ice statues (IceCv)
  3 black mambas
  2 gargoyles
  7 merfolk sirens
  A rime drake (shapeshifter) (D:15)
  13 spiny frogs
  11 komodo dragons
  2 kobold demonologists (D:15)
  11 rime drakes
  2 hellwings (Orc:2)
  4 merfolk
  3 meliai (D:15)
  5 trolls
  5 hornets (Lair:6)
  A hippogriff (shapeshifter) (D:15)
  3 polar bears
  15 blink frogs
  8 hippogriffs
  10 slime creatures
  A wind drake (Lair:6)
  16 dream sheep
  3 snapping turtles
  A spriggan (D:9)
  A redback (shapeshifter) (D:15)
  A shadow (D:13)
  A wraith (D:14)
  A ynoxinul (Orc:2)
  A wyvern (D:10)
  2 vampires
  30 yaks
  3 water elementals
  2 hungry ghosts (D:11)
  A basilisk (shapeshifter) (D:15)
  4 basilisks
  2 neqoxecs (Orc:2)
  9 vampire mosquitoes
  3 wargs (Orc:2)
  An acid dragon (D:15)
  10 water moccasins
  Duvessa (D:5)
  A water moccasin (shapeshifter) (D:15)
  9 porcupines
  27 orc warriors
  A slave (D:8)
  An eye of draining (D:8)
  17 ice beasts
  7 ogres
  6 phantoms
  7 sky beasts
  6 black bears
  10 centaurs
  3 boggarts (D:15)
  2 necrophages
  6 wolves (Lair:2)
  7 crocodiles
  5 big kobolds
  Blork the orc (D:6)
  11 bullfrogs
  A bullfrog (shapeshifter) (D:15)
  Dowan (D:5)
  A wyvern skeleton (D:7)
  11 scorpions
  3 wights (D:6)
  5 killer bees (D:11)
  2 electric eels (Lair:3)
  11 howler monkeys
  7 crimson imps
  3 bullfrog zombies
  2 quasits
  6 centaur zombies
  4 hounds
  A human zombie (Ossuary)
  7 centaur skeletons
  35 orc priests
  3 jellies
  A bullfrog skeleton (D:10)
  3 iguanas
  Terence (D:2)
  18 worker ants
  16 orc wizards
  4 big kobold zombies (Ossuary)
  2 hound zombies
  A hound skeleton (D:5)
  3 mummies (Ossuary)
  A howler monkey zombie (D:7)
  17 adders
  A howler monkey skeleton (D:9)
  4 scorpion zombies (Ossuary)
  9 shadow imps
  3 oozes
  An adder zombie (D:7)
  2 adder skeletons (D:5)
  5 worms
  3 dart slugs
  2 leopard geckos
  78 orcs
  2 ball pythons
  9 bats
  A giant cockroach (D:7)
  A gnoll zombie (Ossuary)
  11 goblins
  7 hobgoblins
  4 jackals
  4 quokkas
  4 frilled lizards
  3 hobgoblin zombies (Ossuary)
  21 kobolds
  A kobold zombie (Ossuary)
  An orc zombie (Ossuary)
  A quokka skeleton (D:7)
  5 rats
  A bush (Shoals:1)
789 creatures vanquished.

Vanquished Creatures (others)
  A centaur (D:11)
  4 fungi
  7 plants
12 creatures vanquished.

Grand Total: 801 creatures vanquished

Notes
Turn   | Place    | Note
-------+----------+-------------------------------------------
     0 | D:1      | Infinimo the Minotaur Berserker began the quest for the
                  | Orb.
     0 | D:1      | Reached XP level 1. HP: 19/19 MP: 0/0
   575 | D:1      | Reached XP level 2. HP: 27/27 MP: 1/1
  1267 | D:2      | Noticed a phantom
  1268 | D:2      | Noticed Terence
  1274 | D:2      | Reached skill level 4 in Unarmed Combat
  1282 | D:2      | Killed Terence
  1282 | D:2      | Reached XP level 3. HP: 33/33 MP: 2/2
  1289 | D:2      | Killed a phantom
  1289 | D:2      | Reached skill level 5 in Unarmed Combat
  1289 | D:2      | Reached XP level 4. HP: 41/41 MP: 3/3
  1289 | D:2      | Reached XP level 5. HP: 47/47 MP: 4/4
  1448 | D:2      | Reached ** piety under Trog
  1513 | D:2      | Found an iron altar of Okawaru.
  1735 | D:2      | Found a shimmering altar of Xom.
  1735 | D:2      | Found a shimmering altar of Xom.
  1738 | D:2      | Found a shimmering altar of Xom.
  1738 | D:2      | Found a shimmering altar of Xom.
  1743 | D:2      | Found a shimmering altar of Xom.
  1744 | D:2      | Found a shimmering altar of Xom.
  1744 | D:2      | Found a shimmering altar of Xom.
  1745 | D:2      | Found a shimmering altar of Xom.
  1745 | D:2      | Found a shimmering altar of Xom.
  1745 | D:2      | Found a shimmering altar of Xom.
  2705 | D:3      | Reached skill level 5 in Fighting
  2711 | D:3      | Reached XP level 6. HP: 54/56 MP: 5/5
  2963 | D:4      | Reached skill level 6 in Unarmed Combat
  3127 | D:4      | Reached skill level 5 in Armour
  3127 | D:4      | Reached XP level 7. HP: 44/62 MP: 6/6
  3247 | D:4      | Found a staircase to the Ecumenical Temple.
  3333 | D:4      | Found an opulent altar of Gozag.
  3506 | D:4      | Reached skill level 7 in Unarmed Combat
  3942 | D:5      | Entered Level 5 of the Dungeon
  4034 | D:5      | Noticed Dowan
  4035 | D:5      | Noticed Duvessa
  4050 | D:5      | Killed Duvessa
  4055 | D:5      | Killed Dowan
  4055 | D:5      | Reached *** piety under Trog
  4091 | D:5      | Found a runed translucent door.
  4093 | D:5      | Noticed PeterQ's ghost (novice TeGl)
  4134 | D:5      | Killed PeterQ's ghost
  4134 | D:5      | Reached skill level 8 in Unarmed Combat
  4134 | D:5      | Reached XP level 8. HP: 73/73 MP: 7/7
  4275 | D:5      | Reached skill level 9 in Unarmed Combat
  4655 | D:6      | Found a bloodstained altar of Trog.
  4720 | D:6      | Found Vimeos's Antique Armour Boutique.
  4748 | D:6      | Reached XP level 9. HP: 68/81 MP: 8/8
  4773 | D:6      | Bought a pair of embroidered boots for 217 gold pieces
  4888 | D:6      | Noticed Blork the orc
  4895 | D:6      | Killed Blork the orc
  4899 | D:6      | Reached skill level 10 in Unarmed Combat
  5321 | D:6      | Reached **** piety under Trog
  5748 | D:7      | Reached skill level 11 in Unarmed Combat
  6015 | D:7      | Found a hazy altar of Hepliaklqana.
  6117 | D:8      | Found a sand-covered staircase.
  6125 | Ossuary  | Entered an ossuary
  6328 | Ossuary  | Reached XP level 10. HP: 65/91 MP: 9/9
  6469 | Ossuary  | Reached ***** piety under Trog
  6609 | D:8      | Found a stormy altar of Qazlal.
  6630 | D:8      | Found Ureorauk's Jewellery Boutique.
  6701 | D:8      | Found an ornate altar of the Wu Jian Council.
  6725 | D:8      | Found a snail-covered altar of Cheibriados.
  6749 | D:8      | Found a staircase to the Lair.
  6788 | D:8      | Reached skill level 12 in Unarmed Combat
  7047 | D:8      | Noticed Pikel
  7057 | D:8      | Killed Pikel
  7057 | D:8      | Reached skill level 10 in Fighting
  7070 | D:8      | Noticed Harold
  7082 | D:8      | Noticed Erica
  7087 | D:8      | Killed Harold
  7125 | D:8      | Killed Erica
  7125 | D:8      | Reached skill level 10 in Armour
  7369 | D:9      | Noticed a two-headed ogre
  7385 | D:9      | Killed a two-headed ogre
  7385 | D:9      | Reached skill level 13 in Unarmed Combat
  7387 | D:9      | Reached XP level 11. HP: 85/101 MP: 10/10
  7601 | D:9      | Received a gift from Trog
  7983 | D:10     | Entered Level 10 of the Dungeon
  8416 | D:10     | Noticed an orc knight
  8429 | D:10     | Killed an orc knight
  9348 | D:11     | Found a staircase to the Orcish Mines.
  9418 | D:11     | Noticed a centaur warrior
  9438 | D:11     | Killed a centaur warrior
  9438 | D:11     | Reached skill level 14 in Unarmed Combat
 10406 | D:11     | You are sucked into a shaft for 2 floors!
 10515 | D:13     | Noticed Nessos
 10534 | D:13     | HP: 5/104 [poisoned by Nessos]
 10540 | D:13     | Killed Nessos
 10540 | D:13     | Reached XP level 12. HP: 44/112 MP: 11/11
 10949 | D:12     | Found Doleov's Food Shoppe.
 10999 | D:11     | Found a roughly hewn altar of Beogh.
 11391 | D:12     | Reached skill level 15 in Unarmed Combat
 11516 | D:12     | Reached ****** piety under Trog
 11726 | D:13     | Noticed a two-headed ogre
 11730 | D:13     | Killed a two-headed ogre
 11730 | D:13     | Received a gift from Trog
 12282 | D:13     | Found a sparkling altar of Nemelex Xobeh.
 12381 | D:13     | Noticed Snorg
 12393 | D:13     | Killed Snorg
 12795 | Lair:1   | Entered Level 1 of the Lair of Beasts
 12856 | Lair:1   | Got a bloodstained buckler
 12866 | Lair:1   | Identified the +1 buckler of the Beekeeper {rPois rF- Int+3
                  | Dex+3} (You found it on level 1 of the Lair of Beasts)
 12978 | Lair:1   | Noticed Gastronok
 12994 | Lair:1   | Killed Gastronok
 13067 | Lair:1   | Found a blossoming altar of Fedhas.
 13437 | Lair:1   | Reached skill level 16 in Unarmed Combat
 14522 | Lair:2   | Found a runed translucent door.
 14692 | Lair:2   | Noticed an eight-headed hydra
 14699 | Lair:2   | Killed an eight-headed hydra
 14784 | Lair:2   | Found a staircase to the Shoals.
 14876 | Lair:2   | Found a hole to the Spider Nest.
 14894 | Lair:2   | Reached XP level 13. HP: 94/122 MP: 12/12
 15090 | Lair:2   | Noticed Suk Xiy's ghost (journeyman DrTm)
 15140 | Lair:2   | Killed Suk Xiy's ghost
 15202 | Lair:3   | Found a frozen archway.
 15249 | IceCv    | Entered an ice cave
 16116 | Lair:3   | Reached skill level 17 in Unarmed Combat
 16266 | Lair:3   | Received a gift from Trog
 16621 | Lair:3   | Found a runed translucent door.
 16621 | Lair:3   | Noticed Dikli's ghost (journeyman MiBe)
 17394 | Lair:3   | Killed Dikli's ghost
 18957 | Lair:5   | Reached skill level 18 in Unarmed Combat
 18957 | Lair:5   | Reached XP level 14. HP: 133/133 MP: 13/13
 19665 | Lair:6   | Entered Level 6 of the Lair of Beasts
 19690 | Lair:6   | Paralysed by a hornet for 3 turns
 19702 | Lair:6   | Paralysed by a hornet for 1 turns
 19708 | Lair:6   | Received a gift from Trog
 19723 | Lair:5   | HP: 6/133 [poisoned by a black mamba]
 19746 | Lair:5   | HP: 6/133 [komodo dragon (4)]
 20482 | Lair:6   | Reached skill level 15 in Fighting
 20716 | Lair:6   | Found a staircase to the Slime Pits.
 21024 | Lair:6   | Reached skill level 15 in Armour
 21367 | Orc:1    | Entered Level 1 of the Orcish Mines
 21660 | Orc:1    | Found a roughly hewn altar of Beogh.
 21660 | Orc:1    | You are sucked into a shaft!
 21660 | Orc:2    | Entered Level 2 of the Orcish Mines
 21885 | Orc:2    | Received a gift from Trog
 22218 | Orc:2    | Reached skill level 19 in Unarmed Combat
 22395 | Orc:2    | Found Sejo's Distillery.
 22397 | Orc:2    | Found Lam Lerchump's Magic Scroll Emporium.
 22716 | Orc:2    | Found a staircase to the Elven Halls.
 23000 | Orc:2    | Found a bloodstained altar of Trog.
 23375 | Orc:2    | Received a gift from Trog
 23382 | Orc:2    | Reached XP level 15. HP: 143/143 MP: 14/14
 23451 | Orc:2    | Found Xeron's Book Shop.
 23451 | Orc:2    | Found Peuf's Antique Weapon Boutique.
 23452 | Orc:2    | Found a one-way gate leading to the halls of Pandemonium.
 23738 | D:6      | Bought a shiny plate armour for 754 gold pieces
 24141 | D:14     | Found a portal to a secret trove of treasure.
 24383 | D:14     | You are sucked into a shaft!
 24383 | D:15     | Entered Level 15 of the Dungeon
 24491 | D:15     | Reached skill level 20 in Unarmed Combat
 24701 | D:15     | Received a gift from Trog
 24881 | D:15     | Found a staircase to the Depths.
 25329 | D:15     | Found a basalt altar of Yredelemnul.
 25623 | D:14     | Found a gate to the Vaults.
 25969 | D:14     | Received a gift from Trog
 26352 | Shoals:1 | Entered Level 1 of the Shoals
 26618 | Shoals:1 | Reached XP level 16. HP: 103/154 MP: 15/15
 27270 | Shoals:1 | Got a scorched animal skin
 27272 | Shoals:1 | Identified the cursed +1 animal skin "Arauck" {Dex+6} (You
                  | found it on level 1 of the Shoals)
 27427 | Shoals:2 | Noticed Ilsuiw
 27459 | Shoals:2 | Hit by a steel javelin thrown by a merfolk javelineer

Skill      XL: |  1  2  3  4  5  6  7  8  9 10 11 12 13 14 15 16 |
---------------+-------------------------------------------------+-----
Fighting       | 4 5 7 9 10 12 13 14 15 16 17 | 17.0
Unarmed Combat | 4 5 6 8 9 11 13 14 16 18 19 20 | 20.9
Armour         | 3 4 5 6 7 8 10 11 13 14 15 16 | 16.8
Dodging        | |  2.1

Action                   |  1- 3 |  4- 6 |  7- 9 | 10-12 | 13-15 | 16-18 || total
-------------------------+-------+-------+-------+-------+-------+-------++-------
Melee: Unarmed           |    66 |   115 |   336 |   629 |  1259 |    81 ||  2486
       Headbutt          |     6 |    18 |    73 |   134 |   282 |    17 ||   530
       Punch             |       |     2 |    10 |    38 |    98 |     7 ||   155
Invok: Berserk           |     1 |     1 |     9 |    14 |    25 |     2 ||    52
  Use: Scroll            |     3 |     3 |     5 |    17 |    11 |     2 ||    41
       Potion            |       |       |       |     3 |     2 |     2 ||     7
  Eat: Chunk             |     1 |     8 |    17 |    25 |    39 |     4 ||    94
       Ration            |       |       |     1 |     6 |     6 |       ||    13
Armor: Animal skin       |     7 |       |       |       |       |       ||     7
       Chain mail        |    17 |    50 |    96 |       |       |       ||   163
       Plate armour      |       |       |    62 |   455 |   787 |    49 ||  1353
Dodge: Dodged            |    36 |    43 |   100 |   194 |   367 |    43 ||   783
